 Dungeon Crawl Stone Soup version 0.31.0-11-ge490571c62 (webtiles) character file.

Game seed: 1946716385331414547

2159883 mainiacjoe the Cardsharp (level 27, 271/271 (273) HPs)
             Began as a Hill Orc Hunter on Feb 1, 2024.
             Was a High Priest of Nemelex Xobeh.
             Escaped with the Orb
             ... and 4 runes on Feb 3, 2024!
             The game lasted 05:27:01 (80615 turns).

mainiacjoe the Cardsharp (Hill Orc Hunter)         Turns: 80615, Time: 05:27:01

HP:   271/271 (273) AC: 42    Str: 24    XL:     27
MP:   49/49         EV: 16    Int:  5    God:    Nemelex Xobeh [*****.]
Gold: 4721          SH: 24    Dex: 19    Spells: 26/26 levels left

rFire   + + .        a - +8 demon trident "Rift" {distort, reach+}
rCold   . . .        K - +2 kite shield {rF+}
rNeg    . . .        X - +7 plate armour {rF+}
rPois   +            c - +0 mask of the Dragon {Will+ Slay+3 SInv}
rElec   +            H - +0 cloak {Will+}
rCorr   +            n - +2 pair of gloves {Dex+3}
SInv    +            v - +2 pair of boots
Will    ++++.        Y - amulet of reflection Stlth
                     M - ring "Moum" {rElec rPois rCorr MP+9 Str-2}
HPRegen 0.65/turn    w - +4 ring of protection
MPRegen 0.31/turn

%: reflection
@: studying Summonings, lightly drained
A: fangs 1, camouflage 1, dopey 2, inability to drink after injury 1, inability
to read after injury 1, noise suppression
0: Orb of Zot
}: 4/15 runes: decaying, slimy, silver, gossamer
a: Renounce Religion, Draw Escape, Draw Destruction, Draw Summoning, Draw Stack,
Triple Draw, Deal Four, Stack Five


You escaped.
You worshipped Nemelex Xobeh.
Nemelex Xobeh was extremely pleased with you.
You visited 12 branches of the dungeon, and saw 56 of its levels.
You visited 1 bazaar.
You also visited: Sewer, Ice Cave and Volcano.

You collected 9718 gold pieces.
You spent 4997 gold pieces at shops.

Inventory:

Hand Weapons
 a - the +8 demon trident "Rift" (weapon) {distort, reach+}
   (You found it on level 5 of the Dungeon)
Missiles
 s - 3 throwing nets {=F}
 C - 30 boomerangs
 Q - 6 silver javelins
Armour
 c - the +0 mask of the Dragon (worn) {Will+ Slay+3 SInv}
   (You bought it in a shop on level 2 of the Orcish Mines)

   Slay+3:    It affects your accuracy & damage with ranged weapons and melee
   (+3).
   Will+:     It increases your willpower.
   SInv:      It lets you see invisible.
 n - a +2 pair of gloves of dexterity (worn)
 v - a +2 pair of boots (worn)
 H - a +0 cloak of willpower (worn)
 K - a +2 kite shield of fire resistance (worn)
 O - a scarf of resistance
 X - a +7 plate armour of fire resistance (worn)
Jewellery
 h - the ring of Starshine {rF+ rC+ Int-2 Dex+6 SInv}
   (You found it on level 3 of the Crypt)

   [ring of dexterity]

   Int-2:     It affects your intelligence (-2).
   Dex+6:     It affects your dexterity (+6).
   rF+:       It protects you from fire.
   rC+:       It protects you from cold.
   SInv:      It lets you see invisible.
 o - a ring of willpower
 w - a +4 ring of protection (right hand)
 F - a +4 ring of slaying
 M - the ring "Moum" (left hand) {rElec rPois rCorr MP+9 Str-2}
   (You took it off a deep elf pyromancer on level 3 of the Elven Halls)

   [ring of resist corrosion]

   Str-2:     It affects your strength (-2).
   rElec:     It insulates you from electricity.
   rPois:     It protects you from poison MP+9: It affects your magic capacity
   (+9).
   rCorr:     It protects you from acid and corrosion.
 Y - an amulet of reflection (around neck)
Wands
 i - a wand of digging (6)
 r - a wand of polymorph (35)
 x - a wand of iceblast (33)
 z - a wand of quicksilver (28)
 D - a wand of mindburst (53)
 R - a wand of charming (48)
Scrolls
 f - 3 scrolls of fear
 y - 2 scrolls of silence
 A - 17 scrolls of teleportation
 B - 6 scrolls of immolation
 E - a scroll of revelation
 G - 8 scrolls of vulnerability
 L - 9 scrolls of poison
 P - 2 scrolls of blinking
 U - 7 scrolls of fog
 Z - 2 scrolls of summoning
Potions
 d - 7 potions of might
 e - 10 potions of mutation
 g - 8 potions of heal wounds
 k - 11 potions of attraction
 l - 7 potions of berserk rage
 m - 8 potions of cancellation
 p - 30 potions of curing
 q - 2 potions of invisibility
 t - 11 potions of enlightenment
 u - 11 potions of lignification
 I - 6 potions of haste
 J - 2 potions of ambrosia
 W - 4 potions of resistance
Miscellaneous
 b - a phantom mirror
 N - a box of beasts
 S - a condenser vane
 T - a lightning rod (4/4)
 V - a phial of floods


   Skills:
 O Level 27 Fighting
 - Level 14.0 Polearms
 - Level 6.0 Ranged Weapons
 * Level 24.0 Armour
 + Level 14.2 Dodging
 - Level 0.7 Stealth
 * Level 23.5 Shields
 O Level 27 Invocations
 + Level 17.4 Evocations


You had 26 spell levels left.
You didn't know any spells.
Your spell library contained the following spells:

 Spells                   Type           Power      Damage    Failure   Level
 Apportation              Tloc           0%         N/A       94%         1
 Freeze                   Ice            0%         1d3       94%         1
 Kiss of Death            Conj/Necr      0%         2d5       94%         1
 Magic Dart               Conj           0%         1d3       94%         1
 Necrotise                Necr           0%         1d4       94%         1
 Shock                    Conj/Air       0%         1d3       94%         1
 Slow                     Hex            0%         N/A       94%         1
 Sting                    Conj/Alch      0%         1d3       94%         1
 Summon Small Mammal      Summ           0%         N/A       94%         1
 Blink                    Tloc           0%         N/A       98%         2
 Cigotuvi's Dreadful Rot  Necr/Alch/Air  0%         N/A       98%         2
 Jinxbite                 Hex            0%         N/A       98%         2
 Lesser Beckoning         Tloc           0%         N/A       98%         2
 Mercury Vapours          Alch/Air       0%         N/A       98%         2
 Momentum Strike          Conj/Tloc      0%         3d8       98%         2
 Searing Ray              Conj           0%         2d4       98%         2
 Static Discharge         Conj/Air       0%         3-3/arc   98%         2
 Call Canine Familiar     Summ           0%         N/A       100%        3
 Confusing Touch          Hex            0%         N/A       100%        3
 Dazzling Flash           Conj/Hex       0%         N/A       100%        3
 Frozen Ramparts          Ice            0%         1d1       100%        3
 Fugue of the Fallen      Necr           0%         N/A       100%        3
 Hailstorm                Conj/Ice       0%         3d5       100%        3
 Inner Flame              Hex/Fire       0%         N/A       100%        3
 Mephitic Cloud           Conj/Alch/Air  0%         N/A       100%        3
 Ozocubu's Armour         Ice            0%         N/A       100%        3
 Sigil of Binding         Hex            0%         N/A       100%        3
 Stone Arrow              Conj/Erth      0%         3d7       100%        3
 Summon Ice Beast         Ice/Summ       0%         N/A       100%        3
 Swiftness                Air            0%         N/A       100%        3
 Vampiric Draining        Necr           0%         2d6       100%        3
 Volatile Blastmotes      Fire/Tloc      0%         2d10      100%        3
 Airstrike                Air            0%         2d(0-16)  100%        4
 Animate Dead             Necr           0%         N/A       100%        4
 Brom's Barrelling Bould  Conj/Erth      0%         2d3       100%        4
 Cause Fear               Hex            0%         N/A       100%        4
 Dimensional Bullseye     Hex/Tloc       0%         N/A       100%        4
 Dispel Undead            Necr           0%         3d6       100%        4
 Flame Wave               Conj/Fire      0%         2d4       100%        4
 Fulminant Prism          Conj/Alch      0%         3d5       100%        4
 Ignite Poison            Fire/Alch      0%         N/A       100%        4
 Iskenderun's Mystic Bla  Conj/Tloc      0%         2d3       100%        4
 Leda's Liquefaction      Alch/Erth      0%         N/A       100%        4
 Manifold Assault         Tloc           0%         N/A       100%        4
 Olgreb's Toxic Radiance  Alch           0%         N/A       100%        4
 Passage of Golubria      Tloc           0%         N/A       100%        4
 Petrify                  Alch/Erth      0%         N/A       100%        4
 Sticky Flame             Fire/Alch      0%         2d4       100%        4
 Summon Blazeheart Golem  Fire/Summ      0%         N/A       100%        4
 Summon Lightning Spire   Summ/Air       0%         N/A       100%        4
 Alistair's Intoxication  Alch           0%         N/A       100%        5
 Borgnjor's Vile Clutch   Necr/Erth      0%         N/A       100%        5
 Curse of Agony           Necr           0%         N/A       100%        5
 Fireball                 Conj/Fire      0%         3d3       100%        5
 Freezing Cloud           Conj/Ice/Air   0%         6-21      100%        5
 Irradiate                Conj/Alch      0%         3d11      100%        5
 Iskenderun's Battlesphe  Conj           0%         2d6       100%        5
 Metabolic Englaciation   Hex/Ice        0%         N/A       100%        5
 Silence                  Hex/Air        0%         N/A       100%        5
 Summon Forest            Summ/Tloc      0%         N/A       100%        5
 Summon Mana Viper        Hex/Summ       0%         N/A       100%        5
 Yara's Violent Unravell  Hex/Alch       0%         3d3       100%        5
 Conjure Ball Lightning   Conj/Air       0%         3x3d6     100%        6
 Death Channel            Necr           0%         N/A       100%        6
 Dispersal                Tloc           0%         N/A       100%        6
 Eringya's Noxious Bog    Alch           0%         4d6       100%        6
 Sculpt Simulacrum        Ice/Alch       0%         N/A       100%        6
 Summon Cactus Giant      Summ           0%         N/A       100%        6
 Enfeeble                 Hex            0%         N/A       100%        7
 Haunt                    Necr/Summ      0%         N/A       100%        7
 Malign Gateway           Summ/Tloc      0%         N/A       100%        7
 Orb of Destruction       Conj           0%         9d5       100%        7
 Ozocubu's Refrigeration  Ice            0%         4d7       100%        7
 Spellforged Servitor     Conj/Summ      0%         N/A       100%        7
 Summon Hydra             Summ           0%         N/A       100%        7
 Discord                  Hex            0%         N/A       100%        8
 Disjunction              Tloc           0%         N/A       100%        8
 Ignition                 Fire           0%         3d3       100%        8
 Infestation              Necr           0%         N/A       100%        8
 Lehudib's Crystal Spear  Conj/Erth      0%         10d2      100%        8
 Chain Lightning          Conj/Air       0%         N/A       100%        9
 Death's Door             Necr           0%         N/A       100%        9
 Dragon's Call            Summ           0%         N/A       100%        9
 Fire Storm               Conj/Fire      0%         5d1       100%        9
 Polar Vortex             Ice            0%         N/A       100%        9
 Shatter                  Erth           0%         3d5*      100%        9


Dungeon Overview and Level Annotations

Branches:
Dungeon (15/15)            Temple (1/1) D:5            Lair (5/5) D:10
  Swamp (4/4) Lair:2       Spider (4/4) Lair:3        Slime (5/5) Lair:4
    Orc (2/2) D:9             Elf (3/3) Orc:2        Vaults (5/5) D:14
  Crypt (3/3) Vaults:2       Tomb (0/3) Crypt:3      Depths (4/4) D:15
    Zot (5/5) Depths:4      Sewer (visited)           IceCv (visited)
Volcano (visited)

Altars:
Ashenzari
Cheibriados
Dithmenos
Elyvilon
Fedhas
Gozag
Hepliaklqana
Kikubaaqudgha
Makhleb
Nemelex Xobeh
Okawaru
Qazlal
Ru
Sif Muna
Trog
Uskayaw
Vehumet
Wu Jian
Xom
Yredelemnul
Zin
The Shining One
Beogh
Jiyva

Shops:
D:11 *   Orc:2 *[*=   Elf:1 :   Elf:3 (   Vaults:1 !   Vaults:2 (   Depths:2 [

Portals:
Hell: Depths:1 Depths:2 Depths:3 Depths:4
Abyss: Depths:3
Pandemonium: Orc:2 Depths:2
Ziggurat: Depths:1
Trove: Elf:3 (give +5 ice dragon scales)

Annotations:
Lair:5 2 transporters, Ruewk's ghost, journeyman CeHs
Elf:2 3 runed translucent doors
Depths:3 2 runed translucent doors, 2 exclusions
Zot:4 2 transporters, exclusion: orange crystal statue
Abyss:1 Joseph


Innate Abilities, Weirdness & Mutations

You have very sharp teeth.
Your skin changes colour to match your surroundings (Stealth+).
You are very dopey. (Int -4)
You occasionally lose the ability to drink potions when taking damage.
You occasionally lose the ability to read scrolls when taking damage.
You passively dampen the noise of your surroundings.


Message History

The demonic crawler blinks!
You impale the demonic crawler!!
The demonic crawler is heavily wounded.
The demonic crawler blinks!
No target in view!
What level of the Dungeon? (default 1, ? - help)
You hit the demonic crawler.
The demonic crawler is lightly wounded.
The demonic crawler blinks!
You hit the demonic crawler.
Space warps horribly around the demonic crawler.
The demonic crawler is moderately wounded.
You barely miss the demonic crawler.
The demonic crawler is moderately wounded.
You puncture the demonic crawler!
Space warps around the demonic crawler.
You bite the demonic crawler.
The demonic crawler is heavily wounded.
You block the demonic crawler's attack. x3
You impale the demonic crawler!!
The demonic crawler is severely wounded.
The demonic crawler blinks!
You block the demonic crawler's attack. x3
You impale the demonic crawler!!
The demonic crawler is almost dead.
The demonic crawler blinks!
You impale the demonic crawler!!
You kill the demonic crawler!
What level of the Dungeon? (default 1, ? - help)
There is a stone staircase leading up here.
You climb upwards.
There is a stone staircase leading down here.
HP restored.
There is a stone staircase leading up here.
You climb upwards.
There is a stone staircase leading down here.
There is a stone staircase leading up here.
You climb upwards.
There is a stone staircase leading down here.
There is an open door here.
There is a staircase leading out of the dungeon here.
You have escaped!

#####....# #.....####
####.##### #....#
##'#### #...# #...#
###...### #@......#
####.......####
#.............#######
#......⌠......'.....#
#.............#####..
####.......#### ###
#.......# # ###...###
# #...# #


There were no monsters in sight!

Vanquished Creatures
  the Royal Jelly (Slime:5)
  A dread lich (Crypt:3)
  An orb of fire (Zot:5)
  4 ancient liches (Zot:5)
  A juggernaut (Depths:4)
  Sojobo (Vaults:3)
  Boris (Depths:1)
  Saint Roka (Depths:2)
  2 Killer Klowns
  the Lernaean hydra (Swamp:4)
  4 golden dragons
  Margery (Crypt:1)
  2 curse toes
  2 bone dragons (Crypt:3)
  A profane servitor (Zot:1)
  3 electric golems
  An iron giant (Zot:5)
  11 tentacled monstrosities
  12 quicksilver dragons
  3 liches
  A searing wretch (Crypt:1)
  6 titans
  16 acid blobs
  A deep elf blademaster (Elf:3)
  21 Orb Guardians
  An acid blob (shapeshifter) (Zot:1)
  A caustic shrike (shapeshifter) (Zot:1)
  A deep elf master archer (Elf:3)
  2 sphinxes
  4 ancient champions
  9 death cobs
  6 shadow dragons
  4 storm dragons
  2 tengu reavers
  7 azure jellies
  5 revenants
  5 draconian monks
  An azure jelly (shapeshifter) (Zot:1)
  5 protean progenitors
  3 draconian shifters (Zot:1)
  9 rockslimes
  Donald (Swamp:4)
  Louise (Swamp:2)
  5 draconian knights
  3 fire giants
  6 ghost moths
  6 emperor scorpions
  A balrug (Depths:4)
  7 deep elf elementalists
  8 draconian scorchers
  6 deep elf sorcerers
  4 frost giants
  5 draconian stormcallers
  An orc warlord (Vaults:1)
  9 vault wardens
  13 draconian annihilators
  2 reapers (Depths:1)
  3 ghouls (Crypt:2)
  8 quicksilver oozes
  14 ironbound preservers
  9 very ugly things
  A broodmother (Spider:3)
  14 stone giants
  2 deep elf demonologists (Elf:3)
  6 ironbound thunderhulks
  8 deep elf annihilators
  7 vampire knights
  8 deep elf death magi
  6 black draconians
  13 green draconians
  An eleionoma (Swamp:2)
  3 bunyips
  4 spark wasps
  21 purple draconians
  8 dire elephants
  13 white draconians
  7 red draconians
  10 yellow draconians
  A mummy priest (Depths:3)
  8 jiangshi
  2 blizzard demons (Zot:3)
  An eidolon (Crypt:1)
  An entropy weaver (shapeshifter) (Elf:3)
  10 ettins
  4 deep elf high priests
  17 yaktaur captains
  4 fire dragons
  3 entropy weavers
  2 rakshasas
  33 vault guards
  3 great orbs of eyes
  An ogre mage (Vaults:5)
  3 radroaches
  A jorogumo (Spider:4)
  10 alligators
  A ghost crab (Swamp:3)
  5 ice dragons
  24 hydras
  2 catoblepae
  8 boulder beetles
  A spriggan skeleton (Crypt:3)
  3 spriggan air magi
  8 ironbound frosthearts
  A demonspawn (Orc:2)
  3 two-headed ogres
  19 centaur warriors
  11 dancing weapons
  6 deep troll earth magi
  2 tengu warriors
  3 death yaks
  7 deep troll shamans
  5 demonic crawlers
  4 orc high priests
  7 vampire magi
  3 spriggan berserkers
  2 occultists
  4 sun demons
  A soul eater (Crypt:3)
  3 hell knights
  6 deep elf knights
  2 titan skeletons (Crypt:3)
  3 skysharks
  A sixfirhy (Orc:2)
  Sonja (Lair:3)
  A fire crab (Volcano)
  A spectral death yak (Lair:5)
  A bunyip zombie (Crypt:1)
  8 iron trolls
  A spectral anaconda (Lair:5)
  3 flayed ghosts
  4 goliath frogs
  4 pharaoh ants
  39 skeletal warriors
  2 storm dragon skeletons
  40 deep trolls
  An orb spider (shapeshifter) (Vaults:4)
  2 shadow demons (Depths:3)
  12 orb spiders
  A glowing orange brain (Slime:4)
  5 sun moths
  17 ironbound convokers
  5 spriggan druids
  A snapping turtle (shapeshifter) (Zot:1)
  12 phantasmal warriors
  An anaconda skeleton (Crypt:3)
  A bunyip skeleton (Crypt:3)
  5 bog bodies
  A harpy (Vaults:4)
  11 deep elf archers
  9 lindwurms
  10 swamp dragons
  4 arcanists
  24 deep elf pyromancers
  6 steelbarb worms
  A wolf spider zombie (D:15)
  15 necromancers
  6 orc knights
  24 deep elf zephyrmancers
  15 ugly things
  3 manticores
  2 elf skeletons
  9 wolf spiders
  11 orc sorcerers
  6 shining eyes
  A stone giant zombie (Crypt:3)
  A will-o-the-wisp (Swamp:2)
  Maurice (D:9)
  5 cyclopes
  2 stone giant skeletons (Crypt:3)
  26 moths of wrath
  A salamander (Orc:1)
  A rust devil (Orc:2)
  A kobold blastminer (Orc:1)
  21 elephants
  12 meliai
  A water nymph (Lair:2)
  A black mamba (Lair:4)
  A dire elephant zombie (Lair:5)
  8 torpor snails
  A fire giant skeleton (Crypt:3)
  A frost giant skeleton (Vaults:1)
  18 vault sentinels
  3 eyes of devastation
  4 naga skeletons (Crypt:3)
  An ice statue (IceCv)
  A centaur skeleton (D:15)
  Jeremiah (D:7)
  A purple draconian zombie (Crypt:3)
  11 cane toads
  6 gargoyles
  A steelbarb worm zombie (Crypt:1)
  A white draconian zombie (Crypt:2)
  An orb spider zombie (Crypt:2)
  An ice devil (Depths:2)
  3 freezing wraiths
  A rime drake (Lair:3)
  49 yaktaurs
  2 kobold demonologists (Depths:3)
  An alligator snapping turtle skeleton (Crypt:3)
  9 komodo dragons
  A komodo dragon (shapeshifter) (Vaults:5)
  A tormentor (Depths:4)
  4 tengu conjurers
  2 guardian mummies (Elf:3)
  A merfolk (Zot:5)
  A hellwing (Orc:2)
  A burning bush (Lair:4)
  A catoblepas skeleton (Crypt:3)
  3 polar bears
  A red devil (Zot:4)
  3 bloated husks
  4 trolls
  13 hornets
  14 tarantellas
  A harpy skeleton (Crypt:3)
  An ettin zombie (Depths:2)
  A spectral elephant (Lair:5)
  12 tyrant leeches
  A dream sheep (shapeshifter) (Vaults:5)
  6 blink frogs
  A fire dragon zombie (Crypt:1)
  6 glass eyes
  A meliai zombie (Crypt:2)
  67 slime creatures
  2 shadows
  4 centaur simulacra
  25 culicivoras
  Sigmund (D:4)
  A satyr skeleton (Crypt:1)
  A dire elephant simulacrum (Lair:5)
  20 spriggans
  37 jumping spiders
  A vampire (D:9)
  An ettin skeleton (Crypt:3)
  2 water elementals
  37 yaks
  4 wraiths
  5 basilisks
  4 fire elementals
  2 black mamba skeletons
  A hog (shapeshifter) (D:15)
  A redback (shapeshifter) (Vaults:5)
  A golden eye (shapeshifter) (Vaults:5)
  A warg (shapeshifter) (Vaults:5)
  Grum (D:9)
  A death yak simulacrum (Lair:5)
  A warg (Vaults:4)
  2 wyverns
  8 vampire mosquitoes
  Menkaure (D:4)
  A yaktaur simulacrum (Vaults:1)
  3 fire bats
  A neqoxec (Zot:2)
  34 redbacks
  3 steam dragons
  2 spectral cane toads (Lair:5)
  A wind drake skeleton (Crypt:3)
  A glowing shapeshifter zombie (Depths:2)
  A deep troll skeleton (Crypt:3)
  A fire bat skeleton (Crypt:3)
  3 great orb of eyes simulacra (IceCv)
  13 swamp worms
  2 hell hounds (Volcano)
  9 water moccasins
  A glowing shapeshifter skeleton (Vaults:1)
  3 acid dragons
  34 orc warriors
  Duvessa (D:4)
  27 laughing skulls
  A black bear (D:5)
  10 swamp drakes
  A blink frog zombie (Crypt:1)
  3 ice beasts
  A sky beast (D:7)
  An ettin simulacrum (Crypt:1)
  8 ogres
  9 boggarts
  19 wolves
  3 centaurs
  An elephant zombie (Lair:5)
  3 slime creature simulacra (IceCv)
  A phantom (D:5)
  A rime drake skeleton (Crypt:1)
  13 bullfrogs
  A necrophage (Crypt:2)
  2 earth elementals
  2 gnoll sergeants
  4 cane toad simulacra (Lair:5)
  7 scorpions
  9 glowing shapeshifter simulacra (IceCv)
  5 wights (D:9)
  A wyvern skeleton (Crypt:3)
  2 hornet simulacra (D:15)
  A spriggan zombie (Crypt:2)
  Dowan (D:4)
  A killer bee (D:8)
  2 elephant simulacra (Lair:5)
  3 electric eels
  4 howler monkeys
  A gnoll bouda (D:4)
  A human simulacrum (Vaults:1)
  3 hounds
  A bombardier beetle (D:3)
  26 orc priests
  5 jellies
  A sleepcap (D:8)
  5 iguanas
  17 orc wizards
  Natasha (thrice) (D:3)
  A scorpion zombie (Crypt:2)
  A boggart skeleton (D:15)
  2 shapeshifter simulacra (IceCv)
  A crocodile skeleton (Crypt:3)
  2 boggart simulacra
  Robin (D:4)
  11 gnolls
  3 river rats
  13 adders
  A swamp drake zombie (Crypt:2)
  5 white imps
  An ufetubus (D:7)
  4 dart slugs
  78 orcs
  9 ball pythons
  14 endoplasms
  6 giant cockroaches
  19 goblins
  7 hobgoblins
  5 quokkas
  6 bats
  An endoplasm zombie (Crypt:2)
  2 frilled lizards
  A jackal skeleton (Crypt:3)
  7 kobolds
  2 kobold skeletons
  10 rats
2031 creatures vanquished.

Vanquished Creatures (collateral kills)
  An ancient lich (Crypt:1)
  A tengu reaver (Vaults:3)
  2 azure jellies (IceCv)
  A frost giant (Depths:2)
  3 very ugly things (Depths:3)
  A quicksilver ooze (Slime:5)
  A dire elephant (Vaults:3)
  A yellow draconian (Zot:5)
  A blizzard demon (Depths:2)
  An ice dragon (Depths:3)
  A vault guard (Vaults:1)
  7 death yaks
  A spriggan berserker (Swamp:3)
  An iron troll (Depths:3)
  A soul eater (Zot:4)
  2 skeletal warriors (Crypt:3)
  A deep troll (Depths:3)
  7 elephants (Lair:5)
  A gargoyle (D:8)
  A yaktaur (Vaults:1)
  A tengu conjurer (Depths:2)
  A wraith (Crypt:1)
  A water moccasin (Lair:5)
  2 wolves (Lair:5)
41 creatures vanquished.

Vanquished Creatures (others)
  A ghost moth (Zot:5)
  A draconian stormcaller (Zot:3)
  An ironbound preserver (Vaults:5)
  A deep elf zephyrmancer (Elf:2)
  A tarantella (Spider:4)
  2 foxfires (Swamp:4)
7 creatures vanquished.

Grand Total: 2079 creatures vanquished

Notes
Turn   | Place    | Note
-------+----------+-------------------------------------------
     0 | D:1      | mainiacjoe the Hill Orc Hunter began the quest for the Orb.
     0 | D:1      | Reached XP level 1. HP: 18/18 MP: 1/1
   167 | D:1      | Reached XP level 2. HP: 25/25 MP: 2/2
   624 | D:2      | Reached XP level 3. HP: 17/30 MP: 3/3
   890 | D:2      | Reached skill level 5 in Ranged Weapons
   890 | D:2      | Reached XP level 4. HP: 37/37 MP: 4/4
   983 | D:2      | Found a faded altar of an unknown god.
   990 | D:2      | Prayed at the altar of an unknown god.
   990 | D:2      | Became a worshipper of Nemelex Xobeh the Trickster
   990 | D:2      | Reached * piety under Nemelex Xobeh
   990 | D:2      | Received a gift from Nemelex Xobeh
  1241 | D:3      | Noticed Natasha
  1243 | D:3      | Killed Natasha
  1244 | D:3      | Reached skill level 1 in Invocations
  1263 | D:3      | Reached XP level 5. HP: 29/42 MP: 5/7
  1380 | D:3      | Found a glowing drain.
  1416 | Sewer    | Entered a sewer
  1582 | Sewer    | Reached XP level 6. HP: 50/50 MP: 9/9
  1585 | Sewer    | Found a viscous altar of Jiyva.
  1607 | Sewer    | Reached skill level 5 in Invocations
  1812 | D:3      | Noticed Natasha
  1815 | D:3      | Killed Natasha
  1844 | D:3      | Reached ** piety under Nemelex Xobeh
  1856 | D:3      | Found a shadowy altar of Dithmenos.
  1889 | D:3      | You fall into a shaft and drop 2 floors!
  1889 | D:5      | Entered Level 5 of the Dungeon
  1920 | D:5      | Found the +8 demon trident "Rift" {distort, reach+}
  1924 | D:5      | Noticed a black bear
  1932 | D:5      | Killed a black bear
  1933 | D:5      | Reached XP level 7. HP: 51/56 MP: 11/11
  2139 | D:5      | Reached skill level 1 in Polearms
  2142 | D:4      | Noticed Duvessa
  2144 | D:4      | Noticed Dowan
  2148 | D:4      | Killed Duvessa
  2152 | D:4      | Killed Dowan
  2241 | D:4      | Reached XP level 8. HP: 45/62 MP: 12/14
  2358 | D:4      | Noticed Sigmund
  2375 | D:4      | Found a glowing silver altar of Zin.
  2686 | D:3      | Noticed Natasha
  2696 | D:3      | Killed Natasha
  3119 | D:4      | Found an ornate altar of the Wu Jian Council.
  3197 | D:4      | Found a white marble altar of Elyvilon.
  3218 | D:4      | Received a gift from Nemelex Xobeh
  3220 | D:4      | Noticed Robin
  3246 | D:4      | Killed Robin
  3488 | D:4      | Found a sparkling altar of Nemelex Xobeh.
  3628 | D:4      | Reached *** piety under Nemelex Xobeh
  3841 | D:4      | Noticed Menkaure
  3882 | D:4      | Killed Menkaure
  4647 | D:5      | Reached skill level 10 in Invocations
  4967 | D:5      | Found a staircase to the Ecumenical Temple.
  4976 | Temple   | Entered the Ecumenical Temple
  5192 | D:5      | Found a sacrificial altar of Ru.
  5353 | D:6      | Got Sif Muna's Secrets of the Discharge
  5363 | D:6      | Reached skill level 5 in Polearms
  5395 | D:6      | Reached XP level 9. HP: 49/68 MP: 17/17
  5502 | D:6      | Received a gift from Nemelex Xobeh
  5524 | D:6      | Found a basalt altar of Yredelemnul.
  6044 | D:7      | Noticed Jeremiah
  6047 | D:7      | Killed Jeremiah
  6086 | D:7      | Reached **** piety under Nemelex Xobeh
  6277 | D:7      | Noticed Joseph
  6425 | D:7      | Received a gift from Nemelex Xobeh
  6768 | D:7      | Received a gift from Nemelex Xobeh
  6818 | D:7      | Found an opulent altar of Gozag.
  6977 | D:7      | Banished Joseph
  7035 | D:7      | Reached XP level 10. HP: 74/74 MP: 19/19
  7277 | D:8      | Noticed a gargoyle
  7288 | D:8      | Killed a gargoyle
  7531 | D:8      | Reached skill level 1 in Shields
  7932 | D:8      | Found a blossoming altar of Fedhas.
  7984 | D:9      | Found a staircase to the Orcish Mines.
  8297 | D:9      | Reached skill level 10 in Polearms
  8514 | D:9      | Noticed Maurice
  8517 | D:9      | Killed Maurice
  8518 | D:9      | Reached XP level 11. HP: 79/80 MP: 21/21
  8622 | D:9      | Noticed Grum
  8861 | D:9      | Killed Grum
  8862 | D:9      | Reached skill level 5 in Shields
  9093 | D:10     | Entered Level 10 of the Dungeon
  9127 | D:10     | Reached skill level 15 in Invocations
  9226 | D:10     | Found a staircase to the Lair.
  9242 | D:10     | Found a burning altar of Makhleb.
  9359 | D:10     | Reached ***** piety under Nemelex Xobeh
  9428 | D:10     | Received a gift from Nemelex Xobeh
  9801 | Lair:1   | Entered Level 1 of the Lair of Beasts
  9928 | Lair:1   | Reached skill level 1 in Armour
 10133 | Lair:1   | Received a gift from Nemelex Xobeh
 10610 | Lair:1   | Reached skill level 5 in Fighting
 10610 | Lair:1   | Reached XP level 12. HP: 91/94 MP: 23/23
 10635 | Lair:1   | Received a gift from Nemelex Xobeh
 11299 | Lair:2   | Received a gift from Nemelex Xobeh
 11443 | Lair:2   | Noticed a catoblepas
 11516 | Lair:2   | Reached skill level 5 in Armour
 11596 | Lair:2   | a catoblepas changed into a water nymph
 11900 | Lair:2   | Found a staircase to the Swamp.
 11946 | Lair:2   | Received a gift from Nemelex Xobeh
 12359 | Lair:3   | Noticed a death yak
 12362 | Lair:3   | Noticed a death yak
 12362 | Lair:3   | Noticed a death yak
 12363 | Lair:3   | Noticed a death yak
 12363 | Lair:3   | Noticed a death yak
 12363 | Lair:3   | Noticed a death yak
 12387 | Lair:3   | Killed a death yak
 12391 | Lair:3   | Killed a death yak
 12407 | Lair:3   | Killed a death yak
 12412 | Lair:3   | Banished a death yak
 12417 | Lair:3   | Banished a death yak
 12417 | Lair:3   | Killed a death yak
 12425 | Lair:3   | Found a hole to the Spider Nest.
 12575 | Lair:3   | Received a gift from Nemelex Xobeh
 12742 | Lair:3   | Noticed Sonja
 12748 | Lair:3   | Killed Sonja
 12749 | Lair:3   | Reached XP level 13. HP: 94/107 MP: 24/24
 12792 | Lair:3   | Received a gift from Nemelex Xobeh
 12813 | Lair:3   | Reached ****** piety under Nemelex Xobeh
 13214 | Lair:4   | Found a viscous altar of Jiyva.
 13217 | Lair:4   | Found a staircase to the Slime Pits.
 13387 | Lair:4   | Reached skill level 10 in Fighting
 13434 | Lair:4   | Reached skill level 10 in Armour
 13548 | Lair:4   | Reached skill level 1 in Evocations
 13710 | Lair:4   | Received a gift from Nemelex Xobeh
 14103 | Lair:5   | Entered Level 5 of the Lair of Beasts
 14110 | Lair:5   | Identified the -2 quarterstaff "Hamuaxt" {antimagic, rC+
                  | Int+3 Dex-3}
 14149 | Lair:5   | Reached XP level 14. HP: 47/122 MP: 25/25
 14475 | Lair:5   | Received a gift from Nemelex Xobeh
 14574 | Lair:5   | Found a transporter.
 14607 | Lair:5   | Found a transporter.
 14607 | Lair:5   | Noticed Ruewk's ghost (journeyman CeHs)
 15455 | Lair:5   | Found a bloodstained altar of Trog.
 15609 | Lair:5   | Noticed a dire elephant
 15664 | Lair:5   | Noticed a dire elephant
 15673 | Lair:5   | Killed a dire elephant
 16310 | Lair:5   | Killed a dire elephant
 16412 | Lair:5   | Reached skill level 5 in Evocations
 16917 | D:4      | Killed Sigmund
 17047 | Orc:1    | Entered Level 1 of the Orcish Mines
 17051 | Orc:1    | Received a gift from Nemelex Xobeh
 17281 | Orc:1    | Found a roughly hewn altar of Beogh.
 17689 | Orc:2    | Entered Level 2 of the Orcish Mines
 17706 | Orc:2    | Found a staircase to the Elven Halls.
 17800 | Orc:2    | Found a dark tunnel.
 17809 | Orc:2    | Reached skill level 5 in Dodging
 17825 | Volcano  | Entered a volcano
 17840 | Volcano  | Received a gift from Nemelex Xobeh
 18316 | Orc:2    | Paralysed by an orc sorcerer for 3 turns
 18555 | Orc:2    | Reached XP level 15. HP: 121/133 MP: 27/27
 18817 | Orc:2    | Found Joturasu's General Store.
 18819 | Orc:2    | Found Ottuaph's General Store.
 18867 | Orc:2    | Bought a scroll of teleportation for 45 gold pieces
 18869 | Orc:2    | Bought a scroll of blinking for 105 gold pieces
 18947 | Orc:2    | Reached skill level 10 in Shields
 19272 | Orc:2    | Paralysed by an orc sorcerer for 4 turns
 19379 | Orc:2    | Found Iga Tije's Antique Armour Emporium.
 19379 | Orc:2    | Found Nubamato's Jewellery Shoppe.
 19379 | Orc:2    | Found a one-way gate leading to the halls of Pandemonium.
 19385 | Orc:2    | Bought the +0 mask of the Dragon {Will+ Slay+3 SInv} for
                  | 868 gold pieces
 19385 | Orc:2    | Found the +0 mask of the Dragon {Will+ Slay+3 SInv}
 19732 | D:11     | Received a gift from Nemelex Xobeh
 19750 | D:11     | Found Upougaf's General Store.
 19880 | D:11     | Received a gift from Nemelex Xobeh
 20226 | D:11     | Identified the ring "Ruatt" {Wiz rPois Str+4 Slay-3}
 20688 | D:12     | Found a frozen archway.
 20700 | IceCv    | Entered an ice cave
 21187 | IceCv    | Received a gift from Nemelex Xobeh
 21535 | IceCv    | Noticed an azure jelly
 21544 | IceCv    | Killed an azure jelly
 21545 | IceCv    | Noticed an azure jelly
 21549 | IceCv    | Killed an azure jelly
 21553 | IceCv    | Found a viscous altar of Jiyva.
 21570 | IceCv    | Got the ring of Apni {Ice SInv}
 21572 | IceCv    | Got Sif Muna's Guidebook on the Crevasse
 21577 | IceCv    | Got the +5 mace "Leiv" {freeze, Will++ Int-5}
 21719 | D:12     | Identified a scroll of acquirement
 21721 | D:12     | Acquired 926 gold pieces
 21859 | Orc:2    | Bought a +4 ring of slaying for 1404 gold pieces
 22139 | D:12     | Identified the +0 helmet of Autotheism {rPois rC+ rN+
                  | Will+}
 22333 | D:12     | Found a blossoming altar of Fedhas.
 22709 | D:13     | Received a gift from Nemelex Xobeh
 23157 | D:14     | Reached XP level 16. HP: 146/146 MP: 29/29
 23187 | D:14     | Found a gate to the Vaults.
 23543 | D:14     | Received a gift from Nemelex Xobeh
 23869 | D:14     | Reached skill level 15 in Fighting
 24064 | D:15     | Entered Level 15 of the Dungeon
 24151 | D:15     | Found a flickering gateway to a bazaar.
 24177 | Bazaar   | Entered a bazaar
 24177 | Bazaar   | Found Feefeuto's Distillery.
 24277 | Bazaar   | Found Zaxilaih's Weapon Emporium.
 24292 | Bazaar   | Found Plog's Weapon Boutique.
 24304 | Bazaar   | Found Anwah's Armour Shop.
 24335 | Bazaar   | Bought 2 potions of might for 96 gold pieces
 24335 | Bazaar   | Bought a potion of mutation for 96 gold pieces
 24335 | Bazaar   | Bought 2 potions of heal wounds for 120 gold pieces
 24631 | D:15     | Reached skill level 10 in Evocations
 24898 | D:15     | Received a gift from Nemelex Xobeh
 25174 | D:15     | Found a staircase to the Depths.
 25855 | Swamp:1  | Entered Level 1 of the Swamp
 25871 | Swamp:1  | Received a gift from Nemelex Xobeh
 26757 | Swamp:2  | Received a gift from Nemelex Xobeh
 26922 | Swamp:2  | Reached XP level 17. HP: 157/157 MP: 31/31
 26953 | Swamp:2  | Received a gift from Nemelex Xobeh
 27260 | Swamp:2  | Noticed Louise
 27279 | Swamp:2  | Killed Louise
 28906 | Swamp:4  | Entered Level 4 of the Swamp
 28919 | Swamp:4  | Received a gift from Nemelex Xobeh
 29281 | Swamp:4  | Noticed Donald
 29283 | Swamp:4  | Killed Donald
 29342 | Swamp:4  | Noticed a tentacled monstrosity
 29353 | Swamp:4  | Killed a tentacled monstrosity
 29711 | Swamp:4  | Noticed the 27-headed Lernaean hydra
 29719 | Swamp:4  | Killed the 27-headed Lernaean hydra
 30414 | Swamp:4  | Got a decaying rune of Zot
 30461 | Swamp:4  | Reached XP level 18. HP: 170/170 MP: 32/32
 30682 | Orc:2    | Bought a +4 ring of protection for 648 gold pieces
 31536 | Spider:1 | Entered Level 1 of the Spider Nest
 31646 | Spider:1 | Received a gift from Nemelex Xobeh
 32659 | D:11     | Bought a phantom mirror for 600 gold pieces
 33789 | Spider:3 | Received a gift from Nemelex Xobeh
 34392 | Spider:4 | Entered Level 4 of the Spider Nest
 34544 | Spider:4 | Received a gift from Nemelex Xobeh
 34969 | Spider:4 | Reached XP level 19. HP: 178/182 MP: 33/33
 35101 | Spider:4 | Reached skill level 15 in Shields
 35119 | Spider:4 | Reached skill level 15 in Armour
 36150 | Spider:4 | Got a gossamer rune of Zot
 36414 | Elf:1    | Entered Level 1 of the Elven Halls
 36438 | Elf:1    | Received a gift from Nemelex Xobeh
 37704 | Elf:1    | Received a gift from Nemelex Xobeh
 37944 | Elf:1    | Found Bemafuc's Tremendous Tomes.
 38009 | Elf:1    | Identified the +0 chain mail of Terror {rCorr Str+2}
 38721 | Elf:2    | Found a runed translucent gate.
 38722 | Elf:2    | Found a runed translucent gate.
 38722 | Elf:2    | Found a runed translucent gate.
 39104 | Elf:3    | Entered Level 3 of the Elven Halls
 39104 | Elf:3    | Received a gift from Nemelex Xobeh
 39111 | Elf:3    | Found a portal to a secret trove of treasure.
 39120 | Elf:3    | Identified the +2 chain mail of a volcano {rPois Int+3}
 39249 | Elf:3    | Found an ancient bone altar of Kikubaaqudgha.
 39622 | Elf:3    | Found Qodi's Weapon Boutique.
 39734 | Elf:3    | Reached XP level 20. HP: 193/193 MP: 34/34
 40346 | Elf:3    | Identified the +6 trident of Tenacity {vamp, rF+ rC- Will+
                  | Int+5}
 40346 | Elf:3    | Identified the ring "Moum" {rElec rPois rCorr MP+9 Str-2}
 41462 | Elf:3    | Identified the ring of Nania {rPois rN++ rCorr Int+2 Dex-2}
 41542 | Elf:3    | Got Bokasyut's Directory of the Wild Vector
 41612 | Elf:3    | Got the Octavo of the Assistive Blizzard
 41749 | Elf:3    | Identified the +1 morningstar "Ruavvoto" {antimagic, rElec
                  | rPois}
 42062 | Vaults:1 | Entered Level 1 of the Vaults
 42086 | Vaults:1 | Got the Quarto of Toxicity and Chilblains
 42121 | Vaults:1 | Identified the +2 long sword of Myupet {heavy, rPois Will-
                  | Dex+6}
 42877 | Orc:2    | Bought a +3 plate armour of fire resistance for 630 gold
                  | pieces
 43462 | Vaults:1 | Received a gift from Nemelex Xobeh
 43471 | Vaults:1 | Identified the +5 plate armour of Cowardice {Harm +Inv rC+}
 43593 | Vaults:1 | Reached XP level 21. HP: 111/201 MP: 36/36
 44315 | Vaults:1 | Identified the +1 glaive of Emamurch {freeze, rElec rCorr
                  | Dex+3 Stlth+}
 44488 | Vaults:1 | Found Digosot's Distillery.
 44488 | Vaults:1 | Received a gift from Nemelex Xobeh
 44493 | Vaults:1 | Bought a potion of heal wounds for 100 gold pieces
 44839 | Vaults:2 | Received a gift from Nemelex Xobeh
 45556 | Vaults:2 | Received a gift from Nemelex Xobeh
 45841 | Vaults:2 | Found a staircase to the Crypt.
 46042 | Vaults:2 | Found Xaob's Antique Weapon Shop.
 46632 | Vaults:3 | Received a gift from Nemelex Xobeh
 46891 | Vaults:3 | Received a gift from Nemelex Xobeh
 47932 | Vaults:3 | Paralysed by a formless jellyfish for 1 turns
 48086 | Vaults:3 | Received a gift from Nemelex Xobeh
 48121 | Vaults:3 | Noticed Sojobo
 48129 | Vaults:3 | Killed Sojobo
 48195 | Vaults:3 | Acquired 873 gold pieces
 48355 | Vaults:4 | Reached XP level 22. HP: 203/213 MP: 37/37
 48468 | Vaults:4 | Received a gift from Nemelex Xobeh
 48715 | Vaults:4 | Acquired a manual of Evocations
 48718 | Vaults:4 | Received a gift from Nemelex Xobeh
 49181 | Vaults:4 | Received a gift from Nemelex Xobeh
 49320 | Vaults:4 | Received a gift from Nemelex Xobeh
 49565 | Crypt:1  | Entered Level 1 of the Crypt
 49741 | Crypt:1  | Noticed Margery
 49768 | Crypt:1  | Killed Margery
 49778 | Crypt:1  | Noticed an ancient lich
 50127 | Crypt:1  | Killed an ancient lich
 50838 | Crypt:1  | Received a gift from Nemelex Xobeh
 52087 | Crypt:2  | Reached XP level 23. HP: 195/195 MP: 37/39
 52442 | Crypt:3  | Entered Level 3 of the Crypt
 52443 | Crypt:3  | Found a staircase to the Tomb.
 52688 | Crypt:3  | Identified the +0 ring mail of Kiarutoj {Int+4}
 52747 | Crypt:3  | Received a gift from Nemelex Xobeh
 52859 | Crypt:3  | Identified the +1 robe of the Miller {Regen+ rCorr Str+2}
 53254 | Crypt:3  | Reached XP level 24. HP: 214/218 MP: 39/39
 53382 | Crypt:3  | Found an ancient bone altar of Kikubaaqudgha.
 53441 | Crypt:3  | Noticed a dread lich
 53466 | Crypt:3  | Killed a dread lich
 53616 | Crypt:3  | Identified the +8 chain mail of Evolution {+Blink rC+
                  | Regen+ Slay-2}
 53618 | Crypt:3  | Identified the ring of Starshine {rF+ rC+ Int-2 Dex+6 SInv}
 53629 | Crypt:3  | Identified the staff "Myihuon" {rElec rF+ Will+ Str-5 Int+6
                  | Air}
 53629 | Crypt:3  | Identified the death talisman of the Modern Stories {Str+3}
 53832 | Crypt:3  | Identified the ring of Felu {*Slow rElec rN+ Dex+2 SInv}
 53832 | Crypt:3  | Identified the ring "Cimap" {rC- rN+ rCorr Stlth+}
 53832 | Crypt:3  | Identified the ring of the Ladybird {rN+ Slay+3}
 54466 | Depths:1 | Entered Level 1 of the Depths
 54625 | Depths:1 | Found a gateway to Hell.
 54664 | Depths:1 | Found an iron altar of Okawaru.
 55005 | Depths:1 | You fall into a shaft and drop 1 floor!
 55131 | Depths:2 | Received a gift from Nemelex Xobeh
 55424 | Depths:2 | Noticed Saint Roka
 55445 | Depths:2 | Killed Saint Roka
 55592 | Depths:2 | Identified the +5 morningstar "Widowermaker" {pain, +Blink
                  | rC+++ Dex-4 Stlth-}
 55913 | Depths:2 | Found Ecvapsom's Antique Armour Boutique.
 55917 | Depths:2 | Bought a pair of embroidered gloves for 285 gold pieces
 56105 | Depths:2 | Reached skill level 15 in Evocations
 56577 | Depths:1 | Noticed Boris
 56601 | Depths:1 | Killed Boris
 57021 | Depths:1 | Received a gift from Nemelex Xobeh
 57040 | Depths:1 | Reached skill level 27 in Invocations
 57112 | Depths:1 | Found a one-way gateway to a ziggurat.
 57284 | Depths:2 | Received a gift from Nemelex Xobeh
 57547 | Depths:3 | Found a one-way gate to the infinite horrors of the Abyss.
 57921 | Depths:3 | Found a bloodstained altar of Trog.
 57921 | Depths:3 | Found the +4 skin of Zhor {*Englaciate rC+++ SInv}
 57972 | Depths:3 | Reached XP level 25. HP: 211/234 MP: 40/40
 58586 | Depths:3 | Received a gift from Nemelex Xobeh
 58794 | Depths:3 | Found a shimmering blue altar of Sif Muna.
 58794 | Depths:3 | Identified the amulet "Esoug" {RegenMP *Slow ^Fragile rPois
                  | Str+8}
 59609 | Depths:3 | Found a runed translucent door.
 59615 | Depths:3 | Found a runed translucent door.
 59708 | Depths:4 | Entered Level 4 of the Depths
 59742 | Depths:4 | Noticed a juggernaut
 59756 | Depths:4 | Killed a juggernaut
 59944 | Depths:4 | Received a gift from Nemelex Xobeh
 60377 | Depths:4 | Received a gift from Nemelex Xobeh
 60464 | Depths:4 | Found a gate to the Realm of Zot.
 60764 | Depths:4 | Found an opulent altar of Gozag.
 61042 | Depths:4 | Received a gift from Nemelex Xobeh
 61603 | Slime:1  | Entered Level 1 of the Pits of Slime
 61605 | Slime:1  | Gained mutation: Your body sometimes deteriorates upon
                  | taking damage. [a shining eye]
 61869 | Slime:3  | Received a gift from Nemelex Xobeh
 61995 | Slime:5  | Entered Level 5 of the Pits of Slime
 62149 | Slime:5  | Noticed the Royal Jelly
 62191 | Slime:5  | Killed the Royal Jelly
 62716 | Slime:5  | Received a gift from Nemelex Xobeh
 63228 | Slime:5  | Identified the +3 quarterstaff of Skirmishing {freeze,
                  | rC++}
 63232 | Slime:5  | Identified the +2 leather armour of the Accordion {rElec
                  | rF+ Int+2}
 63454 | Slime:5  | Gained mutation: You do not regenerate when monsters are
                  | visible. [a shining eye]
 63464 | Slime:5  | Gained mutation: You occasionally lose the ability to drink
                  | potions when taking damage. [a shining eye]
 63465 | Slime:5  | Gained mutation: Your spells are a little easier to cast,
                  | but a little less powerful. [a shining eye]
 63469 | Slime:5  | Gained mutation: You have hidden genetic potential. [a
                  | shining eye]
 63470 | Slime:5  | Gained mutation: Armour fits poorly on your strangely
                  | shaped body. [a shining eye]
 63475 | Slime:5  | Gained mutation: Your body often deteriorates upon taking
                  | damage. [a shining eye]
 63805 | Slime:5  | Identified the +4 great mace of Infinite Pain {venom, rElec
                  | rCorr Stlth-}
 63903 | Slime:5  | Got a slimy rune of Zot
 63908 | Slime:5  | Identified the staff of Fundamental Breach {Dex+4 Stlth-
                  | Conj}
 64430 | Crypt:3  | Lost mutation: Armour fits poorly on your strangely shaped
                  | body. [potion of mutation]
 64430 | Crypt:3  | Lost mutation: You do not regenerate when monsters are
                  | visible. [potion of mutation]
 64430 | Crypt:3  | Lost mutation: You have hidden genetic potential. [potion
                  | of mutation]
 64430 | Crypt:3  | Gained mutation: You possess an exceptional clarity of
                  | mind. [potion of mutation]
 64430 | Crypt:3  | Gained mutation: You are dopey. (Int -2) [potion of
                  | mutation]
 64431 | Crypt:3  | Lost mutation: Your body often deteriorates upon taking
                  | damage. [potion of mutation]
 64431 | Crypt:3  | Lost mutation: You possess an exceptional clarity of mind.
                  | [potion of mutation]
 64431 | Crypt:3  | Lost mutation: Your spells are a little easier to cast, but
                  | a little less powerful. [potion of mutation]
 64431 | Crypt:3  | Gained mutation: You passively dampen the noise of your
                  | surroundings. [potion of mutation]
 64431 | Crypt:3  | Gained mutation: You have very sharp teeth. [potion of
                  | mutation]
 64607 | Vaults:5 | Entered Level 5 of the Vaults
 64613 | Vaults:5 | Reached XP level 26. HP: 149/257 MP: 40/40
 64929 | Vaults:5 | Received a gift from Nemelex Xobeh
 64948 | Vaults:5 | Got the Folio of Weather and Rot
 65015 | Vaults:5 | Identified the +1 hand cannon of Aseant {heavy, Str+2}
 65442 | Vaults:5 | Noticed an ancient lich
 65445 | Vaults:5 | Banished an ancient lich
 66813 | Vaults:5 | Received a gift from Nemelex Xobeh
 66845 | Vaults:5 | Identified the ring of the Shining Light {Wiz rCorr Slay+3
                  | SInv}
 67018 | Vaults:5 | Identified the +0 chain mail of Tecaisk {rPois Str-2 Int+5}
 67025 | Vaults:5 | Identified the amulet of Zaip {Faith ^Contam rPois MP+9
                  | Int+6}
 67046 | Vaults:5 | Identified the +5 scale mail of Ziupan {rF+ Will+++ Dex-2
                  | Stlth+}
 67340 | Vaults:5 | Got a silver rune of Zot
 67864 | Zot:1    | Entered Level 1 of the Realm of Zot
 68457 | Zot:1    | Received a gift from Nemelex Xobeh
 68736 | Zot:1    | Noticed a Killer Klown
 68736 | Zot:1    | Noticed a Killer Klown
 68752 | Zot:1    | Banished a Killer Klown
 68761 | Zot:1    | Killed a Killer Klown
 69021 | Zot:1    | Noticed a juggernaut
 69021 | Zot:1    | a golden dragon changed into a juggernaut
 69021 | Zot:1    | Noticed a juggernaut (glowing shapeshifter)
 69029 | Zot:1    | an iron dragon changed into a juggernaut
 69029 | Zot:1    | Noticed a juggernaut (glowing shapeshifter)
 69520 | Zot:1    | Reached XP level 27. HP: 183/271 MP: 40/40
 69960 | Zot:1    | Reached skill level 27 in Fighting
 70299 | Zot:1    | Reached skill level 10 in Dodging
 70690 | Zot:1    | Identified the +5 mace of the Endless Bones {freeze, Str+3
                  | Int+4 Dex-2}
 70835 | Zot:2    | Received a gift from Nemelex Xobeh
 71427 | Zot:2    | Noticed an orb of fire
 71437 | Zot:2    | Gained mutation: You are very dopey. (Int -4) [an orb of
                  | fire]
 71449 | Zot:2    | Gained mutation: You occasionally lose the ability to read
                  | scrolls when taking damage. [an orb of fire]
 71454 | Zot:2    | Gained mutation: You sometimes lose the ability to drink
                  | potions when taking damage. [an orb of fire]
 71460 | Zot:2    | Banished an orb of fire
 71467 | Zot:2    | Lost mutation: You sometimes lose the ability to drink
                  | potions when taking damage. [potion of mutation]
 71467 | Zot:2    | Lost mutation: You occasionally lose the ability to read
                  | scrolls when taking damage. [potion of mutation]
 71467 | Zot:2    | Lost mutation: Your body sometimes deteriorates upon taking
                  | damage. [potion of mutation]
 71467 | Zot:2    | Gained mutation: Your skin changes colour to match your
                  | surroundings (Stealth+). [potion of mutation]
 71875 | Zot:2    | Received a gift from Nemelex Xobeh
 72194 | Zot:3    | Received a gift from Nemelex Xobeh
 74508 | Zot:4    | HP: 5/273 [purple draconian/bolt of dispelling energy (38)]
 75122 | Zot:4    | Received a gift from Nemelex Xobeh
 75498 | Zot:4    | Found a transporter.
 75526 | Zot:4    | Found a transporter.
 75789 | Zot:5    | Entered Level 5 of the Realm of Zot
 77229 | Zot:5    | Identified the +1 chain mail "Ypnir" {rC+ SInv}
 77322 | Zot:5    | Noticed an orb of fire
 77330 | Zot:5    | Gained mutation: You occasionally lose the ability to read
                  | scrolls when taking damage. [an orb of fire]
 77334 | Zot:5    | Killed an orb of fire
 77362 | Zot:5    | Noticed an ancient lich
 77387 | Zot:5    | Killed an ancient lich
 77396 | Zot:5    | Noticed a dread lich
 77412 | Zot:5    | Banished a dread lich
 77871 | Zot:5    | Noticed an ancient lich
 77889 | Zot:5    | Banished an ancient lich
 77901 | Zot:5    | Noticed an orb of fire
 77915 | Zot:5    | Banished an orb of fire
 77921 | Zot:5    | Noticed an ancient lich
 77940 | Zot:5    | Noticed an ancient lich
 77943 | Zot:5    | Killed an ancient lich
 77945 | Zot:5    | Noticed a dread lich
 77955 | Zot:5    | Killed an ancient lich
 77962 | Zot:5    | Banished a dread lich
 77980 | Zot:5    | Noticed an ancient lich
 77999 | Zot:5    | Killed an ancient lich
 78973 | Zot:5    | Received a gift from Nemelex Xobeh
 79727 | Zot:5    | Got the Orb of Zot
 79811 | Zot:3    | Noticed Ogicreez the pandemonium lord
 80052 | Zot:4    | Noticed Lyanoxau the pandemonium lord
 80615 | D:$      | Escaped with the Orb!

Illustrated notes

Levels and vault maps discovered:
D:1:      minmay_arrival_cross, layout_loops_cross
D:2:      cheibrodos_old_hovel, layout_basic, dilly_ecumenical_altar_fadedgnrine
D:3:      layout_basic, nicolae_dithmenos_shadow_blocks, portal_sewer_entry_c,
          chequers_serial_rivers_micro_b, hangedman_decor_growths,
          kennysheep_generic_room_7, uniq_natasha
D:4:      layout_layer_cave, elyvilon_altar_3, mainiacjoe_overflow_tiny_flanked,
          mainiacjoe_overflow_surrounded_room,
          nicolae_wu_jian_immortal_techniques, uniq_duvessa, uniq_sigmund,
          uniq_robin, uniq_menkaure
D:5:      layout_cave_pools, nicolae_ru_the_path_less_chosen,
          lemuel_temple_firewalk_a, kennysheep_minor_cross, st_stairs_13
D:6:      layout_basic, mainiacjoe_overflow_boulevard
D:7:      layout_layer_cave, nicolae_overflow_hidden_temple, st_stairs_2,
          uniq_jeremiah, uniq_joseph
D:8:      layout_rooms, lemuel_tele_altar, roderic_serpentine_path
D:9:      layout_loops_ring, orc_0_dummy, serial_bayou_pond_b, uniq_grum,
          uniq_maurice
D:10:     layout_roguey, bloody_makhleb, erik_lair_orcish_takeover
D:11:     layout_cave_pods, serial_shops, shop
D:12:     layout_rooms, serial_ice, serial_ice_o, serial_ice_l, serial_ice_a,
          serial_ice_m, serial_ice_n, portal_ice_cave_entry_pillars_1,
          fedhas_altar_fruit_tree
D:13:     layout_basic
D:14:     layout_cave_pools, erik_vaults_2, columned_hall_lemuel
D:15:     grunt_enter_depths_magical_seal, layout_loops_ring, serial_shops,
          bzr_entry_road, serial_library_regret_index_branch_corner,
          minmay_radiant
Temple:   nicolae_temple_hex_pool
Lair:1:   layout_cave_pods
Lair:2:   layout_cellular_growth, swamp_mist, guppyfry_lair_drakes
Lair:3:   layout_regular_city, dummy_spider_entry, uniq_sonja
Lair:4:   beast_lair_carwin_large_4, layout_regular_city,
          dpeg_slime_entry_corner, evilmike_ambush
          [evilmike_ambush_outer_pillars, evilmike_ambush_inner_pond]
Lair:5:   due_jungle_book, layout_gridlike, gammafunk_ghost_wrathful_warriors,
          grunt_megastairs_5, serial_bayou_shore_a
Swamp:1:  layout_basic_swamp, nicolae_swamp_reclaimed_castle,
          infiniplex_staircase_pool_2, nicolae_swamp_decorative_isthmus
Swamp:2:  layout_basic_swamp, evilmike_swamp_ruin_rubble_1, uniq_louise
Swamp:3:  nicolae_swamp_secret_spriggan_hideout, layout_falls_marsh,
          serial_swamp_ruin, hangedman_swamp_ruin_hall,
          evilmike_swamp_ruin_house_2, nicolae_swamp_long_stream
Swamp:4:  swamp_old_school, layout_basic_swamp, swamp_pool_1_2, uniq_donald
Spider:1: layout_spider_delve
Spider:2: layout_spider_delve
Spider:3: layout_spider_delve, hangedman_spider_mandibles
Spider:4: grunt_spider_rune_island, hangedman_stitches_earthworm
Slime:1:  layout_caves, cheibrodos_slime_lost_civilization_4
Slime:2:  layout_caves
Slime:3:  layout_caves, nicolae_slime_phagocytosis
Slime:4:  layout_caves
Slime:5:  slime_pit_nicolae_trefoil
Orc:1:    layout_caves, basic_altar
Orc:2:    pf_orc_diabolical, layout_caves, nicolae_volcano_entry_vermiform
Elf:1:    minmay_elf_arrival_summoners, layout_geoelf_grid,
          hangedman_elf_disciples, nicolae_shop_i_like_big_books, minivault_14,
          minmay_misc_feat_five, nicolae_elf_deep_friendship
Elf:2:    nicolae_elf_blades_crystal_corner, layout_geoelf_octagon
Elf:3:    minmay_elf_hall_spiked, layout_geoelf_octagon, basic_altar,
          serial_shops, shop, nicolae_trove_entry_path_of_doom
Vaults:1: hangedman_vaults_slither, ontoclasm_vaults_gateway,
          ontoclasm_vaults_spin, v_misc_32, nicolae_vaults_house_2,
          vaults_dpeg_emergency_exit, nicolae_vaults_house_1,
          nicolae_vaults_halls_meeting, nicolae_vaults_storage_closets_2,
          v_misc_1, layout_vaults_omnibox, serial_shops,
          nicolae_shop_getting_attention
Vaults:2: nicolae_vaults_security_offices_4, nicolae_vaults_network_barrier,
          nicolae_vaults_doubleplus_tesselated, hangedman_vaults_impose,
          ontoclasm_vaults_decontamination, minmay_crypt_entry_simple_round,
          v_misc_4, v_alt_pattern_4, nicolae_vaults_tetromino_Z_1,
          nicolae_vaults_mitosis, vaults_room_pool, nicolae_vaults_asterisk,
          nicolae_vaults_asterisk, nicolae_vaults_little_squares_3,
          layout_vaults_maze_snakey, serial_shops, nicolae_lakefront_shop
Vaults:3: nicolae_vaults_arrows, nicolae_vaults_apartment_2,
          vaults_room_semicircle, nicolae_vaults_two_Ls, vaults_room_corners,
          hangedman_vaults_maws, nicolae_vaults_house_1,
          nicolae_vaults_tetromino_Z_1, nicolae_vaults_surprise_closet,
          layout_vaults_omnigrid, uniq_sojobo
Vaults:4: vaults_room_octagon, hangedman_vaults_slice,
          hangedman_vaults_stitches, nicolae_vaults_closet_pinwheel_3,
          ontoclasm_vaults_idyll, nicolae_vaults_heart-shaped_vault,
          grunt_vaults_hallway_short, ontoclasm_vaults_loading_screen,
          nicolae_vaults_cochlea, nicolae_vaults_variable_pillar_hall,
          layout_vaults_chaotic_city
Vaults:5: serial_shops
Crypt:1:  layout_chaotic_city, st_stairs_8, small_statue_intersection,
          nicolae_crypt_wrong_turn, uniq_margery
Crypt:2:  layout_chaotic_city, nicolae_crypt_niches, hex_medium,
          chequers_hall_statues_wall_a
Crypt:3:  church_of_pain_bobbens, layout_chaotic_city
Depths:1: layout_roguey, enter_ziggurat_d, pf_dread_powers_of_hell,
          okawaru_trees_1, hangedman_decor_points, kennysheep_potato, uniq_boris
Depths:2: minmay_open_boxes_in_corner, layout_long_grid, hell_entry,
          serial_co_window_serial, co_window_cross_1, co_window_paths_a,
          co_window_paths_a, co_window_corner_a, co_window_paths_b,
          co_window_of_opportunity_a, co_window_of_opportunity_a,
          co_window_broadway_a, co_window_2corner, co_window_corner_b,
          co_window_broadway_b, co_window_corner_b, co_window_of_opportunity_b,
          glass_columns_a, glass_columns_a, glass_columns_b, serial_shops,
          nicolae_shop_pleasant_corner_grove, rand_demon_pan_entry_1,
          minmay_staircase_windowed_small, uniq_saint_roka
Depths:3: thingy_vault_2, layout_long_grid, abyss_entry, bloody_trog,
          hell_entry, hangedman_summoners_spam, infiniplex_staircase_zigzag_5
Depths:4: grunt_zot_entry_tricorne, layout_honeycomb, lightli_too_deep,
          nicolae_gozag_cash_rules_everything_around_me, nicolae_wwwww
Zot:1:    cheibrodos_zot_enchanting_chambers, layout_concentric_octagons,
          regret_index_zotdec_glowing_original, hellmonk_formless_pools,
          uniq_grunn
Zot:2:    layout_onion
Zot:3:    nicolae_zot_stationary_front, layout_cathedral_of_symmetry
Zot:4:    gammafunk_sealed_arena, layout_gridlike,
          regret_index_zotdec_serpentine_coiled
Zot:5:    layout_gridlike, st_stairs_14, nicolae_zot_crop_circle

Skill      XL: |  1  2  3  4  5  6  7  8  9 10 11 12 13 14 15 16 17 18 19 20 21 22 23 24 25 26 27 |
---------------+----------------------------------------------------------------------------------+-----
Ranged Weapons | 4 5 6 |  6.0
Invocations    | 2 4 6 8 10 13 14 15 16 18 20 21 22 24 27 | 27.0
Polearms       | 2 5 8 10 12 13 14 | 14.0
Shields        | 4 7 9 10 13 14 16 18 19 20 21 23 | 23.5
Armour         | 3 7 10 13 14 15 18 19 20 21 24 | 24.0
Fighting       | 5 8 10 12 14 15 17 19 20 21 22 24 26 27 | 27.0
Evocations     | 3 5 8 10 12 15 17 | 17.4
Dodging        | 3 5 9 14 | 14.2
Stealth        | |  0.7

Action                     |  1- 3 |  4- 6 |  7- 9 | 10-12 | 13-15 | 16-18 | 19-21 | 22-24 | 25-27 || total
---------------------------+-------+-------+-------+-------+-------+-------+-------+-------+-------++-------
  Melee: Demon trident     |       |       |   195 |   452 |   998 |  1316 |  1434 |  1437 |  2752 ||  8584
         Punch             |       |       |     1 |       |       |       |       |       |       ||     1
         Bite              |       |       |       |       |       |       |       |       |   268 ||   268
   Fire: Shortbow          |    86 |   112 |     4 |       |       |       |       |       |       ||   202
  Throw: Dart              |       |       |     3 |       |     2 |       |       |       |       ||     5
         Boomerang         |       |       |       |       |       |       |       |       |    10 ||    10
 Invoke: Draw Escape       |       |       |     2 |       |       |       |     1 |     3 |     1 ||     7
         Draw Destruction  |       |       |     6 |    12 |    13 |    10 |    17 |    15 |    35 ||   108
         Draw Summoning    |       |       |     2 |     3 |     6 |     1 |     5 |     7 |     7 ||    31
         Triple Draw       |       |       |       |       |     2 |     1 |     4 |     3 |     4 ||    14
         Stack Five        |       |       |       |       |     1 |       |       |       |     1 ||     2
         Deal Four         |       |       |       |       |     3 |     4 |     5 |     2 |     4 ||    18
         Draw Stack        |       |       |       |       |       |     1 |       |     1 |     5 ||     7
  Evoke: Wand              |       |       |       |       |     5 |     1 |     8 |     5 |    37 ||    56
         Condenser vane    |       |       |       |       |     1 |     1 |     1 |     1 |     2 ||     6
         Box of beasts     |       |       |       |       |       |     1 |       |     1 |       ||     2
         Phial of floods   |       |       |       |       |       |       |     3 |     1 |     1 ||     5
         Lightning rod     |       |       |       |       |       |       |     2 |       |     3 ||     5
         Phantom mirror    |       |       |       |       |       |       |       |     1 |     1 ||     2
    Use: Scroll            |     6 |     3 |    10 |     8 |     8 |     3 |    10 |     3 |    27 ||    78
         Potion            |       |       |     1 |       |     1 |     1 |     4 |     4 |    16 ||    27
   Stab: Sleeping          |       |       |     4 |     5 |       |       |       |       |       ||     9
         Distracted        |       |       |       |       |     1 |     3 |     4 |     1 |     7 ||    16
 Armour: Leather armour    |    26 |    32 |    90 |       |       |       |       |       |       ||   148
         Scale mail        |       |       |    22 |    31 |       |       |       |       |       ||    53
         Steam dragon scal |       |       |       |   145 |    90 |       |       |       |       ||   235
         Plate armour      |       |       |       |       |   119 |       |   177 |   398 |   945 ||  1639
         Ring mail         |       |       |       |       |   111 |   297 |       |       |       ||   408
         Skin              |       |       |       |       |     2 |       |       |       |       ||     2
         Swamp dragon scal |       |       |       |       |       |   185 |   138 |       |       ||   323
         Chain mail        |       |       |       |       |       |       |   156 |       |    94 ||   250
         Gold dragon scale |       |       |       |       |       |       |       |       |    12 ||    12
  Dodge: Dodged            |    21 |    34 |    75 |    76 |   132 |   229 |   119 |   144 |   402 ||  1232
  Block: Buckler           |       |       |       |    39 |    92 |   194 |       |       |       ||   325
         Reflection        |       |       |       |       |     5 |    15 |   140 |    23 |    68 ||   251
         Kite shield       |       |       |       |       |       |   279 |   555 |       |   875 ||  1709
         Tower shield      |       |       |       |       |       |       |   103 |   951 |   563 ||  1617
